 Dungeon Crawl Stone Soup version 0.30-a0-311-gf115ab0292 (webtiles) character file.

Game seed: 8769034361627137956

12827 freelancePsychic the Thaumaturge (level 12, -5/96 HPs)
             Began as a Djinni Hexslinger on Oct 26, 2022.
             Was a Priest of Ashenzari.
             Slain by a hell beast (12 damage)
             ... in a Gauntlet.
             The game lasted 00:26:24 (13180 turns).

freelancePsychic the Thaumaturge (DjHs)            Turns: 13180, Time: 00:26:25

Health: -5/96      AC: 11    Str:  9      XL:     12   Next: 25%
Gold:   595        EV:  7    Int: 23 (25) God:    Ashenzari [***...] SH:  0 Dex: 14

rFire   + + .      SeeInvis +    c - +4 dagger "Morg" {pain, Will+ Int+5, Cun, Self} (curse)
rCold   x . .      Faith    .    (no shield)
rNeg    . . .      Spirit   .    n - +0 swamp dragon scales "Restrained Anxiety" {rPois, Fort, Melee} (curse)
rPois   ∞          Reflect  .    f - +0 helmet of the Eye in the Sky {Range, Fort} (curse)
rElec   .          Harm     .    (no cloak)
rCorr   .          Rampage  .    s - +2 pair of gloves of Curses and Power {Self, Range} (curse)
Will    ++...      Clarity  +    (boots unavailable)
Stlth   +......... NoTele   +    (no amulet)
HPRegen 0.36/turn                (no ring)
MPRegen 0.00/turn                (no ring)

@: flying, held
A: sickness immunity, fire resistance 2, cold vulnerability 1, float, innate
caster, HP casting, extra vitality 1
a: Renounce Religion, Curse Item, Shatter the Chains


You were in a Gauntlet.
You worshipped Ashenzari.
Ashenzari was most pleased with you.
You visited 1 branch of the dungeon, and saw 11 of its levels.
You also visited: Bailey and Gauntlet.

You collected 595 gold pieces.

Inventory:

Hand Weapons
 a - a +1 sling
 c - the cursed +4 dagger "Morg" (weapon) {pain, Will+ Int+5, Cun, Self}
   (You took it off a kobold demonologist on level 8 of the Dungeon)

   In the hands of one skilled in necromantic magic, it inflicts extra damage on
   living creatures.
   Your inability to study Necromancy prevents you from drawing on the full
   power of this weapon.
   Int:       It affects your intelligence (+5).
   Will:      It increases your willpower.
   It has a curse which improves the following skills: Cunning: Dodging and
   Stealth.
   Introspection: Fighting and Spellcasting.
 k - a +2 vampiric glaive
Missiles
 m - a throwing net
Armour
 f - the cursed +0 helmet of the Eye in the Sky (worn) {Range, Fort}
   (You found it on level 1 of the Dungeon)

   It has a curse which improves the following skills: Ranged Combat: Ranged
   Weapons and Throwing.
   Fortitude: Armour and Shields.
 n - the cursed +0 swamp dragon scales "Restrained Anxiety" (worn) {rPois, Fort, Melee}
   (You took it off Maggie on level 6 of the Dungeon)

   rPois:     It protects you from poison.
   It has a curse which improves the following skills: Fortitude: Armour and
   Shields.
   Melee Combat: Short Blades, Long Blades, Axes, Maces & Flails, Polearms,
   Staves and Unarmed Combat.
 s - the cursed +2 pair of gloves of Curses and Power (worn) {Self, Range}
   (You found it on level 5 of the Dungeon)

   It has a curse which improves the following skills: Introspection: Fighting
   and Spellcasting.
   Ranged Combat: Ranged Weapons and Throwing.
 C - a +2 helmet of intelligence
Jewellery
 y - a ring of fire
Wands
 l - a wand of flame (21)
 q - a wand of quicksilver (5)
 t - a wand of roots (5)
 A - a wand of polymorph (4)
Scrolls
 e - a scroll of brand weapon
 h - 4 scrolls of teleportation {@r4}
 i - 3 scrolls of poison
 o - a scroll of torment
 p - 2 scrolls of silence
 r - 2 scrolls of vulnerability
Potions
 d - a potion of cancellation
 g - 4 potions of curing {@q1}
 j - 4 potions of brilliance
 u - a potion of berserk rage
 v - 3 potions of ambrosia
 w - 2 potions of flight
 x - 2 potions of might
 z - a potion of mutation


   Skills:
 + Level 9.9(12.3) Fighting
 - Level 2.3(3.6) Short Blades
 - Level 1.5(3.2) Ranged Weapons
 + Level 8.9(10.5) Dodging
 * Level 11.0(13.4) Spellcasting


You had 13 spell levels left.
You knew the following spells:

 Your Spells              Type           Power      Damage    Failure   Level
a - Slow                  Hex            100%       N/A       1%          1
b - Inner Flame           Hex/Fire       67%        N/A       1%          3
c - Portal Projectile     Hex/Tloc       100%       N/A       1%          3
d - Cause Fear            Hex            33%        N/A       1%          4
e - Gell's Gravitas       Tloc           67%        N/A       1%          3
f - Ensorcelled Hibernat  Hex/Ice        100%       N/A       1%          2
g - Confusing Touch       Hex            67%        N/A       1%          3
h - Beastly Appendage     Tmut           100%       N/A       1%          1
i - Animate Dead          Necr           67%        N/A       1%          4
Your spell library was empty.

Dungeon Overview and Level Annotations

Branches:
Dungeon (11/15)            Temple (0/1) D:7            Lair (0/5) D:8
 Bailey (visited)         Gauntlet (1/1)
    Orc: D:9-12

Altars:
Ashenzari
Cheibriados
Gozag
Hepliaklqana
Makhleb
Okawaru
Yredelemnul

Shops:
D:6 (   D:7 :   D:10 [

Annotations:
D:2 1 runed translucent door, Crazy Yiuf, Sigmund Gauntlet 9 transporters, 2 runed translucent doors, exclusion: 2 orange crystal statues


Innate Abilities, Weirdness & Mutations

You are immune to sickness and miasma.
You are immune to poison.
Your flesh is very heat resistant. (rF++)
You are vulnerable to cold. (rC-)
You float through the air rather than walking.
You learn spells naturally, not from books.
Your magical power is your life essence.
You have superior vitality. (+4 MHP)


Message History

The hell beast bites you!
* * * LOW HITPOINT WARNING * * *
The hell beast tramples you but does no damage.
Blink to where?
Press: ? - help, Dir - move target, p - hell beast
As you read the scroll of blinking, it crumbles to dust.
The flying skull gives a hideous shriek! x2
The hell beast is engulfed in blazing flames.
The hell beast drops a net on you.
You become entangled in the net!
You don't have any such object.
Evoke which item? (* to show all) (? for menu, Esc to quit)
Okay, then.
Aiming: Quicksilver Bolt
Press: ? - help, Shift-Dir - straight line, f - hell beast
Aim: a hell beast (almost dead, 57% to hit)
The bolt of dispelling energy misses the hell beast.
The bolt of dispelling energy misses the hell hound.
The flying skull gives a hideous shriek!
You hear a hideous shriek!
Aiming: Quicksilver Bolt
Press: ? - help, Shift-Dir - straight line, f/p - hell beast
Aim: a hell beast (almost dead, 57% to hit)
The bolt of dispelling energy misses the hell beast.
The bolt of dispelling energy misses the hell hound.
The hell beast bites you but does no damage.
The hell beast tramples you but does no damage.
Aiming: Quicksilver Bolt
Press: ? - help, Shift-Dir - straight line, f/p - hell beast
Aim: a hell beast (almost dead, 57% to hit)
The bolt of dispelling energy misses the hell beast.
The bolt of dispelling energy hits the hell hound!
The hell hound is almost dead.
The hell beast bites you!
* * * LOW HITPOINT WARNING * * *
The hell beast tramples you!
* * * LOW HITPOINT WARNING * * *
You hold your ground!
The hell beast bites you but does no damage.
The hell beast tramples you!
You die...

##...#}#..#..#.#####=###+#.#.
#≈...#..##z##..#...#8......#.
##§..#...zzzzzz#...#########.
#§...###########............. ##
##.§.............8.....8..... #.#
##.8.....8..................
##..##≈...............###########
.....##...#########...#.........#
#....#...##.#.#@##...#..PP.P...#
*#.©8.#...#)#.#2#.#####..#P..#..#
##....#...##.#h#.##...#$....PPP.#
...©8.#.8.#©#^#.#.#©.©#©8..©.P..#
##....#...##/#.#.##...#[.....P..#
*#.©8.#...#.#.#.#.#####..#..P#..#
#....#...##.#.#.##...#.....PPP.#
.....##...#########...#.........#
##..##≈...............###########


You could see a hell beast, a hell hound and 7 flying skulls.

Vanquished Creatures
  A two-headed ogre (D:9)
  3 death yaks (D:8)
  Maggie (D:6)
  A gargoyle (Bailey)
  3 kobold demonologists
  A troll (D:10)
  A hornet (D:10)
  A shadow (D:11)
  13 yaks
  2 vampires
  2 wraiths (D:9)
  3 wyverns
  A steam dragon (D:6)
  2 water moccasins
  A hell hound (Gauntlet)
  A black bear (D:4)
  4 orc warriors
  3 ice beasts
  A sky beast (D:7)
  2 ogres
  7 centaurs
  14 kobold brigands
  3 phantoms
  3 bullfrogs
  2 scorpions
  4 wights
  9 vampire bats (Bailey)
  4 wolf zombies (Bailey)
  6 howler monkeys
  An orc priest (D:10)
  6 hounds
  2 iguanas
  3 jellies
  Jessica (D:2)
  14 orc wizards
  3 hell rats (D:8)
  8 gnolls
  8 adders
  A river rat (D:8)
  A white imp (D:8)
  An ufetubus (D:5)
  A worm (D:8)
  4 dart slugs
  37 orcs
  12 ball pythons
  10 bats
  3 endoplasms
  7 giant cockroaches
  9 goblins
  7 hobgoblins
  7 jackals
  36 kobolds
  8 quokkas
  2 frilled lizards
  17 orc zombies (Bailey)
  8 rats
316 creatures vanquished.

Vanquished Creatures (others)
  A centaur (D:7)
  2 fungi (Gauntlet)
  6 plants (Gauntlet)
9 creatures vanquished.

Grand Total: 325 creatures vanquished

Notes
Turn   | Place    | Note
-------+----------+-------------------------------------------
     0 | D:1      | freelancePsychic the Djinni Hexslinger began the quest for
                  | the Orb.
     0 | D:1      | freelancePsychic set off with the following spells
                  | memorised: Slow, Inner Flame, Portal Projectile, Cause
                  | Fear.
     0 | D:1      | Reached XP level 1. HP: 17/17 MP: 0/0
    89 | D:1      | Reached XP level 2. HP: 14/22 MP: 0/0
   410 | D:1      | Reached XP level 3. HP: 26/27 MP: 0/0
   410 | D:1      | Learned a level 1 spell: Beastly Appendage
   423 | D:1      | Reached skill level 3 in Spellcasting
   895 | D:2      | Noticed Jessica
   896 | D:2      | Found an opulent altar of Gozag.
   902 | D:2      | Killed Jessica
   903 | D:2      | Reached XP level 4. HP: 15/33 MP: 0/0
  1467 | D:2      | Found a runed translucent door.
  1468 | D:2      | Noticed Crazy Yiuf
  1560 | D:2      | Noticed Sigmund
  1896 | D:3      | Reached XP level 5. HP: 39/39 MP: 0/0
  1896 | D:3      | Learned a level 2 spell: Ensorcelled Hibernation
  2110 | D:3      | Reached skill level 4 in Spellcasting
  2121 | D:3      | Reached XP level 6. HP: 26/46 MP: 0/0
  2637 | D:3      | Found an iron altar of Okawaru.
  2835 | D:4      | Noticed an ogre
  2839 | D:4      | Killed an ogre
  2840 | D:4      | Reached XP level 7. HP: 27/51 MP: 0/0
  2840 | D:4      | Learned a level 3 spell: Confusing Touch
  3010 | D:4      | Reached skill level 5 in Spellcasting
  3075 | D:4      | Found a broken altar of Ashenzari.
  3084 | D:4      | Found a burning altar of Makhleb.
  3143 | D:4      | Found a hazy altar of Hepliaklqana.
  3219 | D:4      | Became a worshipper of Ashenzari the Shackled
  3688 | D:4      | You are sucked into a shaft and drop 2 floors!
  3689 | D:6      | Noticed a steam dragon
  3697 | D:5      | Entered Level 5 of the Dungeon
  3717 | D:5      | Reached XP level 8. HP: 20/58 MP: 0/0
  3943 | D:5      | Reached skill level 5 in Fighting
  3943 | D:5      | Reached skill level 6 in Spellcasting
  4818 | D:4      | Reached skill level 1 in Short Blades
  4954 | D:4      | Reached * piety under Ashenzari
  5358 | D:5      | HP: 3/62 [kobold brigand/+2 dagger of electrocution (18)]
  5598 | D:6      | Reached XP level 9. HP: 46/68 MP: 0/0
  5598 | D:6      | Learned a level 3 spell: Gell's Gravitas
  5733 | D:5      | Reached skill level 7 in Spellcasting
  6409 | D:6      | Found a basalt altar of Yredelemnul.
  6420 | D:6      | Found Garhig's Weapon Boutique.
  6692 | D:6      | Noticed Maggie
  6698 | D:6      | Killed Maggie
  6776 | D:7      | Reached ** piety under Ashenzari
  6875 | D:7      | Found Wipit's Book Shop.
  6899 | D:7      | Reached *** piety under Ashenzari
  6939 | D:7      | Reached skill level 8 in Spellcasting
  7155 | D:7      | Found a staircase to the Ecumenical Temple.
  7162 | D:7      | Reached XP level 10. HP: 63/78 MP: 0/0
  7755 | D:8      | Noticed a death yak
  7761 | D:8      | Noticed a death yak
  7763 | D:8      | Noticed a death yak
  7833 | D:8      | Killed a death yak
  7833 | D:8      | Killed a death yak
  7834 | D:8      | Reached skill level 5 in Dodging
  8019 | D:8      | Reached skill level 9 in Spellcasting
  8364 | D:8      | Found a staircase to the Lair.
  8444 | D:8      | Killed a death yak
  8445 | D:8      | Reached XP level 11. HP: 50/86 MP: 0/0
  8445 | D:8      | Learned a level 4 spell: Animate Dead
  8546 | D:8      | Noticed a soul eater
  9325 | D:8      | Found a snail-covered altar of Cheibriados.
  9578 | D:9      | Reached skill level 10 in Spellcasting
  9734 | D:9      | Noticed a two-headed ogre
  9739 | D:9      | Killed a two-headed ogre
 10431 | D:9      | Identified the +8 trident of the Hand {drain, rElec rF+
                  | Int-4}
 10543 | D:10     | Entered Level 10 of the Dungeon
 10544 | D:10     | Found a flagged portal.
 10557 | Bailey   | Entered a bailey
 11113 | Bailey   | Identified the +1 robe "Utseuv" {Drain +Blink Str-5 Stlth+}
 11785 | D:10     | Identified the +10 short sword of Mayhem {elec, rPois}
 12001 | D:10     | Found Qoiripp's Antique Armour Boutique.
 12301 | D:10     | Reached XP level 12. HP: 40/95 MP: 0/0
 12578 | D:11     | Found a gate leading to a gauntlet.
 12590 | D:11     | Reached skill level 11 in Spellcasting
 12602 | Gauntlet | Entered a Gauntlet
 12602 | Gauntlet | Found a transporter.
 12812 | Gauntlet | Found a runed translucent door.
 12814 | Gauntlet | Found a transporter.
 12816 | Gauntlet | Found a runed translucent door.
 12830 | Gauntlet | Found a transporter.
 12830 | Gauntlet | Identified the ring of Doma {Ice rElec Int+6}
 12834 | Gauntlet | Found a transporter.
 12855 | Gauntlet | Found a transporter.
 12867 | Gauntlet | Noticed a hell beast
 12868 | Gauntlet | Found a transporter.
 12881 | Gauntlet | Identified the +10 shortbow of Slow Death {elec, Int+7
                  | SInv}
 12882 | Gauntlet | Found a transporter.
 12882 | Gauntlet | Noticed a blizzard demon
 12912 | Gauntlet | Found a transporter.
 12912 | Gauntlet | Found a transporter.
 12917 | Gauntlet | Found a transporter.
 12947 | Gauntlet | Found a transporter.
 12947 | Gauntlet | Found a transporter.
 13180 | Gauntlet | Slain by a hell beast

Illustrated notes

Levels and vault maps discovered:
D:1:      spicycebolla_arrival_ecumenical, layout_basic, minmay_splitting_lines
D:2:      layout_loops_cross, basic_altar, serial_shops, shop,
          uniq_crazy_yiuf_cottage, uniq_jessica, uniq_sigmund
D:3:      layout_basic, mainiacjoe_overflow_brackets, okawaru_altar_gauntlet_db,
          minmay_between
D:4:      minmay_diamond_boxcup, layout_loops_cross,
          mainiacjoe_overflow_six_doors_small, amethyst_overflow_temple_binary,
          amcnicky_mini_corridor_feature, hangedman_decor_lopped,
          due_unseen_surprise
D:5:      layout_cave_pods, minmay_crossroads
D:6:      layout_cave_pools, mainiacjoe_overflow_concentric_impassable,
          serial_shops, kennysheep_mini, uniq_maggie
D:7:      layout_loops_cross, lemuel_coloured_pillars_altar,
          minmay_temple_entry_hall, serial_shops, shop, hangedman_decor_points,
          ebering_dispersal_statue_hall, minmay_holes, st_stairs_14
D:8:      layout_cave_pools, slow_altar_2, dpeg_lair_monsters, special_room
          [special_room_kobold], chequers_decorated_corner,
          hangedman_decor_slide_cut
D:9:      layout_irregular_city
D:10:     layout_loops_ring, serial_shops, nicolae_shop_hallway_plus,
          enter_bailey_2
D:11:     layout_cave_pods, serial_undead, serial_undead_b, serial_undead_e,
          serial_undead_c, serial_undead_f, serial_undead_f, serial_undead_a,
          serial_undead_a, gauntlet_entry_generic
Gauntlet: minmay_gauntlet_mixed_oops_all_seconds [minmay_gauntlet_arena_77_box,
          gammafunk_gauntlet_arena_hedges, minmay_gauntlet_arena_77_shame_cube,
          gammafunk_gauntlet_arena_chambers, minmay_gauntlet_arena_77_checkered,
          nicolae_gauntlet_arena_quarters, gauntlet_exit_watery]

Skill      XL: |  1  2  3  4  5  6  7  8  9 10 11 12 |
---------------+-------------------------------------+-----
Spellcasting   | 3 4 5 6 8 9 10 11 | 11.0
Fighting       | 2 3 4 5 7 8 9 |  9.9
Short Blades   | 2 |  2.3
Dodging        | 4 6 8 |  8.9
Ranged Weapons | |  1.5

Action                   |  1- 3 |  4- 6 |  7- 9 | 10-12 || total
-------------------------+-------+-------+-------+-------++-------
Melee: Short sword       |     3 |   115 |   159 |    99 ||   376
       Punch             |       |       |     5 |     4 ||     9
       Dagger            |       |       |       |   173 ||   173
 Fire: Sling             |    96 |    23 |    17 |       ||   136
 Cast: Slow              |     9 |     8 |     4 |     5 ||    26
       Inner Flame       |       |    15 |    35 |    84 ||   134
       Ensorcelled Hiber |       |       |     2 |       ||     2
       Cause Fear        |       |       |     2 |       ||     2
       Gell's Gravitas   |       |       |    15 |    42 ||    57
Invok: Curse Item        |       |       |     4 |     1 ||     5
       Shatter the Chain |       |       |       |     1 ||     1
Evoke: Wand              |       |       |     6 |    13 ||    19
  Use: Scroll            |       |     7 |     5 |     2 ||    14
       Potion            |       |       |     1 |     3 ||     4
 Stab: Sleeping          |       |     1 |     1 |       ||     2
Armor: Robe              |    17 |    38 |    54 |       ||   109
       Swamp dragon scal |       |       |     9 |   162 ||   171
Dodge: Dodged            |    59 |    80 |   136 |   262 ||   537

Table legend: (Time is in decaauts)
 A = Elapsed time spent in this place.
 B = Non-inter-level travel time spent in this place.
 C = Inter-level travel time spent in this place.
 D = Time resting spent in this place.
 E = Time spent auto-exploring this place.
 F = Levels seen in this place.
 G = Mean time per level.
                   A        B        C        D        E       F      G
               +--------+--------+--------+--------+--------+-----+--------+
         Total |  13178 |  12747 |    431 |   1196 |   9452 |  13 | 1013.7 |
       Dungeon |  11660 |  11229 |    431 |   1196 |   8281 |  11 | 1060.0 |
        Bailey |    941 |    941 |      0 |      0 |    672 |   1 |  941.0 |
      Gauntlet |    576 |    576 |      0 |      0 |    499 |   1 |  576.0 |
               +--------+--------+--------+--------+--------+-----+--------+

Top non-repeatable levels by time:
     D:5: 1858 daAuts
     D:4: 1374 daAuts
     D:7: 1360 daAuts
     D:9: 1168 daAuts
     D:8: 1126 daAuts
    D:10: 1023 daAuts
     D:3: 1017 daAuts
     D:2: 1015 daAuts
  Bailey: 941 daAuts
     D:1: 878 daAuts
     D:6: 770 daAuts
Gauntlet: 576 daAuts
    D:11: 67 daAuts
